 Dungeon Crawl Stone Soup version 0.23-a0-760-g92239d2 (webtiles) character file.

172 SmSkdm the Insei (level 5, -1/35 HPs)
             Began as a Kitsune Transmuter on May 10, 2019.
             Slain by an orc priest
             ... wielding a +0 falchion
              (6 damage)
             ... on level 3 of the Dungeon on May 12, 2019.
             The game lasted 00:10:54 (3429 turns).

SmSkdm the Insei (Kitsune Transmuter)               Turns: 3429, Time: 00:10:55

Health: -1/35      AC:  2    Str:  8    XL:     5   Next: 83%
Magic:  4/9        EV: 19    Int: 22    God:
Gold:   96         SH:  0    Dex: 22    Spells: 4/10 levels left

rFire    . . .     SeeInvis .     - Unarmed
rCold    . . .     Gourm    .   (shield currently unavailable)
rNeg     . . .     Faith    .   (armour currently unavailable)
rPois    x         Spirit   .   (helmet currently unavailable)
rElec    .         Reflect  .   (cloak currently unavailable)
rCorr    .         Harm     .   (gloves currently unavailable)
MR       .....                  (boots currently unavailable)
Stlth    ++........             (no amulet)
HPRegen  0.11/turn              r - +6 ring of intelligence
MPRegen  0.11/turn              (no ring)

@: spider-form
A: tiny, charm monsters, no helmets
a: Charm Monsters, End Transformation


You were on level 3 of the Dungeon.
You were not hungry.
You were a venomous arachnid creature.
You visited 1 branch of the dungeon, and saw 3 of its levels.

You collected 96 gold pieces.

Inventory:

Hand Weapons
 n - a +0 dagger of protection
Missiles
 a - 31 arrows
Armour
 b - a +0 robe (melded)
 g - a +0 cloak (melded)
Jewellery
 r - a +6 ring of intelligence (left front leg)
Wands
 p - a wand of disintegration (14)
Scrolls
 f - 2 scrolls of magic mapping {unknown}
 i - 3 scrolls of identify {unknown}
 l - 4 scrolls of remove curse {unknown}
 m - a scroll of fear {unknown}
 o - 4 scrolls of teleportation {unknown}
 s - a scroll of immolation {unknown}
 u - a scroll of amnesia {unknown}
 v - a scroll of blinking {unknown}
Potions
 c - a potion of berserk rage {unknown}
 e - a potion of flight {unknown}
 h - a potion of brilliance {unknown}
 j - a potion of resistance {unknown}
 k - a potion of curing {unknown}
 q - a potion of haste {unknown}
 t - 2 potions of magic {unknown}
Comestibles
 d - 3 rations


   Skills:
 + Level 2.5 Fighting
 - Level 1.5 Dodging
 + Level 3.9 Unarmed Combat
 + Level 3.2 Spellcasting
 + Level 3.0 Transmutations


You had 4 spell levels left.
You knew the following spells:

 Your Spells              Type           Power        Failure   Level  Hunger
a - Beastly Appendage     Tmut           ###...       12%         1    None
b - Spider Form           Tmut/Pois      ##........   38%         3    ###....
c - Sticks to Snakes      Tmut           ###.....     16%         2    ##.....

Your spell library contained the following spells:

 Spells                   Type           Power        Failure   Level  Hunger
 Ice Form                 Ice/Tmut       ##......     75%         4    ####...
 Blade Hands              Tmut           ###.......   85%         5    ######.


Dungeon Overview and Level Annotations

Branches:
Dungeon (3/15)

Altars:
Wu Jian
Yredelemnul


Innate Abilities, Weirdness & Mutations

You can charm monsters.
You have fox ears (no helmets).
((You have sharp fingernails.))


Message History

The orc completely misses you.
The orc priest calls upon Beogh to heal the orc.
The orc's wounds heal themselves!
Unknown command.
Unknown command.
Unknown command.
You hit the orc but do no damage.
Your ball python bites the orc but does no damage.
Your ball python constricts the orc.
The orc misses you.
Unknown command.
Unknown command.
Unknown command.
You hit the orc.
The orc is poisoned.
The orc is heavily wounded.
Your ball python bites the orc.
The orc dies!
Unknown command.
Unknown command.
The orc priest hits you with a +0 falchion.
You die...

####........#
#.#####
#.######.#
#.# #. #.#
#.# . #.# #.#
# #.# ... #.#
### #.# #.#
#s#####.#
#oS.....#
#########


You could see an orc priest and a friendly ball python.

Vanquished Creatures
  An orc priest (D:3)
  An orc wizard (D:3)
  2 adders
  A worm (D:2)
  3 dart slugs
  3 leopard geckos
  4 orcs (D:3)
  7 bats
  4 giant cockroaches
  13 goblins
  10 hobgoblins
  2 jackals (D:2)
  A quokka (D:2)
  3 frilled lizards (D:2)
  10 kobolds
  16 rats
81 creatures vanquished.

Vanquished Creatures (collateral kills)
  An orc (D:3)
  A bat (D:1)
  2 hobgoblins (D:1)
  A rat (D:1)
5 creatures vanquished.

Grand Total: 86 creatures vanquished

Notes
Turn   | Place    | Note
-------+----------+-------------------------------------------
     0 | D:1      | SmSkdm the Kitsune Transmuter began the quest for the Orb.
     0 | D:1      | Reached XP level 1. HP: 12/12 MP: 3/3
    76 | D:1      | Reached skill level 1 in Fighting
   272 | D:1      | Reached XP level 2. HP: 18/18 MP: 5/5
   858 | D:1      | Reached XP level 3. HP: 21/23 MP: 6/6
   959 | D:1      | Learned a level 3 spell: Spider Form
   960 | D:1      | HP: 1/24 [hobgoblin/+0 club (7)]
  1024 | D:1      | HP: 1/24 [hobgoblin/+0 club (5)]
  1720 | D:2      | Reached XP level 4. HP: 29/29 MP: 3/7
  2316 | D:2      | Found an ornate altar of the Wu Jian Council.
  2668 | D:3      | Found a basalt altar of Yredelemnul.
  2874 | D:3      | Reached XP level 5. HP: 27/34 MP: 7/9
  3265 | D:3      | Learned a level 2 spell: Sticks to Snakes
  3296 | D:3      | Found a faded altar of an unknown god.
  3429 | D:3      | Slain by an orc priest

Vault maps used:
D:1:      dpeg_arrival_three_same_balls, minmay_rat_gold_closets
D:2:      marbit_many_paths, eino_tiny_chamber, roderic_serpentine_path
D:3:      nicolae_overflow_hidden_temple, nicolae_dithmenos_shadow_blocks,
          chequers_ecumenical_altar_simple, first_ration,
          minmay_misc_feat_more_columns, uniq_crazy_yiuf_cottage

Skill      XL: |  1  2  3  4  5 |
---------------+----------------+-----
Fighting       | 1 2 |  2.5
Unarmed Combat | 3 |  3.9
Spellcasting   | 3 |  3.2
Transmutations | 3 |  3.0
Dodging        | |  1.5

Action                   |  1- 3 |  4- 6 || total
-------------------------+-------+-------++-------
Melee: Unarmed           |    88 |   144 ||   232
       Headbutt          |     1 |       ||     1
       Kick              |       |     3 ||     3
       Punch             |       |     1 ||     1
 Cast: Beastly Appendage |     2 |     2 ||     4
       Spider Form       |     4 |     4 ||     8
       Sticks to Snakes  |       |     1 ||     1
 Abil: Charm Monsters    |     2 |       ||     2
  Use: Potion            |     2 |       ||     2
 Stab: Sleeping          |     3 |     3 ||     6
  Eat: Chunk             |     3 |     6 ||     9
Armor: Robe              |    27 |    27 ||    54
       Skin              |       |     3 ||     3
Dodge: Dodged            |    73 |    94 ||   167

Table legend:
 A = Non-vault XP
 B = Vault XP
 C = Vault XP percentage of total XP
 D = Non-vault monster count
 E = Vault monster count
 F = Vault count percentage of total count
                 A         B        C        D         E       F
            +---------+---------+-------+---------+---------+-------
      Total |     236 |      11 |   4.5 |      72 |      11 |  13.3
            +---------+---------+-------+---------+---------+-------
        D:1 |      47 |      10 |  17.5 |      26 |      10 |  27.8
        D:2 |      64 |       1 |   1.5 |      30 |       1 |   3.2
        D:3 |     125 |       0 |   0.0 |      16 |       0 |   0.0
            +---------+---------+-------+---------+---------+-------
